 Dungeon Crawl Stone Soup version 0.22-a0-21-g9421e3f (webtiles) character file.

53 shenanigans the Charmwright (level 3, 0/29 HPs)
             Began as a Barachi Skald on Jan 2, 2018.
             Slain by an adder (2 damage)
             ... on level 3 of the Dungeon.
             The game lasted 00:02:23 (1753 turns).

shenanigans the Charmwright (Barachi Skald)         Turns: 1753, Time: 00:02:23

Health: 0/29       AC:  5    Str: 12    XL:     3   Next: 87%
Magic:  6/6        EV: 11    Int: 14    God:
Gold:   33         SH:  0    Dex: 11    Spells: 5/6 levels left

rFire    . . .     SeeInvis .   a - +0 hand axe
rCold    . . .     Gourm    .   (no shield)
rNeg     . . .     Faith    .   g - +0 ring mail
rPois    .         Spirit   .   (no helmet)
rElec    .         Reflect  .   (no cloak)
rCorr    .         Harm     .   (no gloves)
MR       .....                  (no boots)
Stlth    +.........             (no amulet)
HPRegen  0.09/turn              n - ring of wizardry
MPRegen  0.10/turn              q - ring of flight

@: lethally poisoned (0 -> -6), very slightly contaminated, slow
A: +LOS, swims, slowness 1, strong legs 1
a: Hop, Evoke Flight


You were on level 3 of the Dungeon.
You were not hungry.

You visited 1 branch of the dungeon, and saw 3 of its levels.

You collected 33 gold pieces.

Inventory:

Hand Weapons
 a - a +0 hand axe (weapon)
Armour
 b - a +0 leather armour
 g - a +0 ring mail (worn)
Jewellery
 n - a ring of wizardry (left hand)
 q - a ring of flight (right hand)
Scrolls
 e - a scroll of amnesia {unknown}
 i - a scroll of fog {unknown}
 j - 2 scrolls of identify {unknown}
 k - a scroll of enchant armour {unknown}
 l - a scroll of teleportation {unknown}
Potions
 f - a potion of mutation {unknown}
 h - a potion of cancellation {unknown}
 m - a potion of curing {unknown}
 o - a potion of heal wounds {unknown}
Books
 c - a book of Battle

   Spells                             Type                      Level
   a - Infusion                       Charms                       1
   b - Shroud of Golubria             Charms/Translocation         2
   c - Song of Slaying                Charms                       2
   d - Spectral Weapon                Hexes/Charms                 3
   e - Regeneration                   Charms/Necromancy            3
Comestibles
 d - 3 rations
 p - 2 chunks of flesh


   Skills:
 + Level 3.2 Fighting
 + Level 2.9 Axes
 + Level 2.2 Armour
 + Level 2.9 Dodging
 - Level 2.1 Spellcasting
 - Level 3.2 Charms


You had 5 spell levels left.
You knew the following spells:

 Your Spells              Type           Power        Failure   Level  Hunger
a - Infusion              Chrm           ##..         5%          1    #......


Dungeon Overview and Level Annotations

Branches:
Dungeon (3/15)

Altars:
Gozag


Innate Abilities, Weirdness & Mutations

Shadows flee at your approach. (+LOS)
You can swim through water.
You cover ground slowly.
You can hop short distances.


Message History

The jackal bites you but does no damage.
You hit the adder.
The adder is heavily wounded.
You hit the jackal.
You feel sick. The adder bites you.
* * * LOW HITPOINT WARNING * * *
The jackal misses you. The adder completely misses you.
The jackal bites you but does no damage.
You miss the adder.
The adder is heavily wounded.
You hit the jackal.
You kill the jackal!
The adder bites you.
* * * LOW HITPOINT WARNING * * *
You are more poisoned.
The adder poisons you!
You hit the adder.
The adder is severely wounded.
* * * LOW HITPOINT WARNING * * *
You feel sick. The adder bites you.
You die...

#. . ##.#### ..
......#####. ...
...........
....###.........#
.............#
#......l...# ....
#.S# ..... ##@##
.(..#.####..#
#..#.....#.###
###..####.....#
##....#...##.....#
##..........###...#
#............# ####
#............#
#............#


You could see an adder.

Vanquished Creatures
  2 adders (D:2)
  A worm (D:2)
  4 leopard geckos
  2 giant cockroaches (D:2)
  6 hobgoblins
  3 jackals (D:3)
  A quokka (D:2)
  3 bats
  A frilled lizard (D:1)
  4 rats
27 creatures vanquished.

Notes
Turn   | Place    | Note
-------+----------+-------------------------------------------
     0 | D:1      | shenanigans the Barachi Skald began the quest for the Orb.
     0 | D:1      | Reached XP level 1. HP: 17/17 MP: 3/3
   917 | D:2      | Reached XP level 2. HP: 23/23 MP: 5/5
  1021 | D:2      | Found an opulent altar of Gozag.
  1265 | D:2      | Reached XP level 3. HP: 29/29 MP: 2/6
  1753 | D:3      | Slain by an adder

Vault maps used:
D:1:      nicolae_arrival_somewhat_less_tricky_arrival, serial_glass,
          glass_columns_b, glass_columns_b, glass_columns_b, glass_columns_b
D:2:      old_standard_altar
D:3:      first_ration, uniq_robin, uniq_jessica, uniq_sigmund

Skill      XL: |  1  2 |
---------------+-------+-----
Fighting       | 3 |  3.2
Armour         | 2 |  2.2
Axes           | |  2.9
Dodging        | |  2.9
Spellcasting   | |  2.1
Charms         | |  3.2

Action                   || total
-------------------------++-------
Melee: Hand axe          ||    92
 Cast: Infusion          ||     5
 Abil: Hop               ||     1
  Eat: Chunk             ||     3
Armor: Leather armour    ||     6
       Ring mail         ||    27
Dodge: Dodged            ||    64

Table legend:
 A = Spawn XP
 B = Non-spawn XP
 C = Spawn XP percentage of total XP
 D = Spawn monster count
 E = Non-spawn monster count
 F = Spawn count percentage of total count
 G = Total turns spent on level
                    A         B        C        D         E        F      G
               +---------+---------+-------+---------+---------+-------+---------
         Total |       0 |      76 |   0.0 |       0 |      27 |   0.0 |  1753
               +---------+---------+-------+---------+---------+-------+---------
           D:1 |       0 |       9 |   0.0 |       0 |       5 |   0.0 |   895
           D:2 |       0 |      56 |   0.0 |       0 |      16 |   0.0 |   821
           D:3 |       0 |      11 |   0.0 |       0 |       6 |   0.0 |    37
               +---------+---------+-------+---------+---------+-------+---------
